cohdb
Replays
Latest Replays
All Replays
Popular Replays
Top Player Replays
Match Explorer
How It Works
Community
CoH3 Stats
Reddit
Sign in to upload your games and track your stats! →
Sign in with Steam
Match 45917248
Unlisted
Match 45917248
Overview
Messages
Build Orders
End
Kradschützen Motorcycle Team
Selects Armored Support Battlegroup
Panzergrenadier Squad
Panzergrenadier Squad
250 Light Carrier
Construct Light Support Kompanie
Selects Superior Fire Drills
MG34 Team
Fire Support Elements
Flakvierling Half-track
Pak 38 Anti-tank Gun Team
Selects Salvage Kits
2.5-tonne Medical Truck
Construct Panzerarmee Kommand
Vehicle Survival Package
Selects Panzer Storm
Tungsten Core Ammunition
Panzer III L Medium Tank
Emergency Repair Kits
le.IG 18 Mechanized Group
Rapid Advance
Panzer III L Medium Tank
Selects Stuka Anti-tank Loiter
Panzer III L Medium Tank
Panzer Storm
Stuka Anti-tank Loiter
untergrund weltstar
Liberator4515
0
0
Comments
sign in to comment!
No comments posted yet!